 Dungeon Crawl Stone Soup version 0.30-a0-591-g3c58d2bc28 (webtiles) character file.

Game seed: 16410453772299024215

4240 OTABOTABOTAB the Martial Artist (level 10, -6/79 HPs)
             Began as an Octopode Transmuter on Jan 6, 2023.
             Was an Initiate of Gozag.
             Killed from afar by a gargoyle (18 damage)
             ... with a stone arrow
             ... on level 8 of the Dungeon.
             The game lasted 00:17:07 (8861 turns).

OTABOTABOTAB the Martial Artist (OpTm)              Turns: 8861, Time: 00:17:08

Health: -6/79      AC:  8    Str: 10    XL:     10   Next: 30%
Magic:  10/13      EV: 13    Int: 19    God:    Gozag
Gold:   523        SH:  0    Dex: 19    Spells: 3/13 levels left

rFire   . . .      SeeInvis .      - Unarmed
rCold   + + +      Faith    .    (shield currently unavailable)
rNeg    . . .      Spirit   .    (helmet currently unavailable)
rPois   +          Reflect  .    (no amulet)
rElec   .          Harm     .    F - ring of protection from fire {rF+, !d}
rCorr   .          Rampage  .    k - +6 ring of dexterity
Will    .....                    (no ring)
Stlth   ++                       (no ring)
HPRegen 0.33/turn                (no ring)
MPRegen 0.13/turn                (no ring)
                                 (no ring)
                                 (no ring)

@: mighty, ice-form, wereblooded, gold aura, hasted, very quick
A: freezing attack, boosted hp, almost no armour, amphibious, 8 rings, large,
(camouflage 1), (gelatinous body 1), (nimble swimmer 1), (tentacles)
a: End Transformation, Renounce Religion, Potion Petition, Call Merchant, Bribe
Branch


You were on level 8 of the Dungeon.
You worshipped Gozag.
Gozag was pleased with you.
You were a creature of crystalline ice.
You visited 2 branches of the dungeon, and saw 9 of its levels.

You collected 646 gold pieces.
You paid 123 gold pieces to Gozag.

Inventory:

Missiles
 a - 7 boomerangs
 j - 5 poisoned darts
 s - 20 stones (quivered)
Magical Staves
 h - a staff of conjuration (melded)
   (You found it on level 2 of the Dungeon)
Jewellery
 c - a ring of ice {rC+, rF-}
   (You found it on level 5 of the Dungeon)
 e - a ring of flight {+Fly, !d}
   (You found it on level 6 of the Dungeon)
 k - a +6 ring of dexterity (right front paw)
   (You took it off a goblin on level 3 of the Dungeon)
 F - a ring of protection from fire (left front paw) {rF+, !d}
   (You found it on level 1 of the Dungeon)
Wands
 i - a wand of iceblast (5)
   (You found it on level 5 of the Dungeon)
Scrolls
 b - a scroll of enchant weapon
 n - a scroll of enchant armour
 D - a scroll of blinking {!r}
 Y - 2 scrolls of teleportation {@r3}
Potions
 d - a potion of cancellation
 f - 3 potions of attraction {!q}
 G - 2 potions of ambrosia {!q}
 H - 3 potions of haste
 J - 5 potions of curing {@q1}
 L - a potion of flight
 M - a potion of might
 P - 2 potions of lignification {!q}
 T - 2 potions of berserk rage {!q}


   Skills:
 + Level 5.1 Fighting
 + Level 5.4 Dodging
 + Level 8.5 Unarmed Combat
 - Level 2.0 Spellcasting
 + Level 8.3 Transmutations
 - Level 5.0 Ice Magic
 - Level 3.0 Poison Magic


You had 3 spell levels left.
You knew the following spells:

 Your Spells              Type           Power      Damage    Failure   Level
a - Beastly Appendage     Tmut           66%        N/A       1%          1
b - Wereblood             Tmut           33%        N/A       1%          2
c - Spider Form           Tmut/Pois      23%        N/A       4%          3
d - Ice Form              Ice/Tmut       27%        N/A       11%         4

Your spell library contained the following spells:

 Spells                   Type           Power      Damage    Failure   Level
 Eringya's Noxious Bog    Tmut/Pois      11%        N/A       94%         6
 Summon Forest            Summ/Tloc      0%         N/A       99%         5
 Summon Hydra             Summ           0%         N/A       100%        7


Dungeon Overview and Level Annotations

Branches:
Dungeon (8/15)             Temple (1/1) D:6
   Lair: D:8-11

Altars:
Ashenzari
Dithmenos
Elyvilon
Fedhas
Gozag
Hepliaklqana
Kikubaaqudgha
Makhleb
Nemelex Xobeh
Okawaru
Qazlal
Ru
Sif Muna
Trog
Vehumet
Wu Jian
Xom
Yredelemnul
Zin
The Shining One

Shops:
D:5 ?

Annotations:
D:5 2 transporters, OTABOTABOTAB's ghost, amateur OpTm


Innate Abilities, Weirdness & Mutations

You are a creature of crystalline ice.
You have a powerful freezing melee attack.
Your maximum health is increased.
Your armour is entirely melded.
You are incapable of wielding weapons or throwing items.
You cannot wear most types of armour.
You are amphibious.
You can wear up to eight rings at the same time.
((Your skin changes colour to match your surroundings (Stealth+).))
((Your rubbery body absorbs attacks. (AC +1, EV +1)))
((You are camouflaged when in or above water. (Stealth+)))
((You have tentacles for arms and can constrict up to eight enemies at once.))


Message History

You closely miss the spriggan.
The spriggan hits you but does no damage.
A cyclops comes into view.
You punch the spriggan! You freeze the spriggan.
You kill the spriggan!
The spriggan's shape twists and changes as it dies.
The vampire mosquito bites you.
The vampire mosquito draws strength from your injuries!
You take 4 damage, and have 71/78 hp.
Your blood is infused with primal strength.
The centaur shouts!
You hear an angry hiss.
The vampire mosquito misses you. The vampire mosquito barely misses you.
You now have 8/13 mp.
You hit the vampire mosquito. You freeze the vampire mosquito.
The vampire mosquito bites you.
The vampire mosquito draws strength from your injuries!
The cyclops is distracted by your dazzling golden aura.
You take 2 damage, and have 70/78 hp.
You barely miss the vampire mosquito. The vampire mosquito bites you!
The vampire mosquito draws strength from your injuries!
The vampire mosquito bites you but does no damage.
You take 7 damage, and have 63/78 hp.
You closely miss the vampire mosquito.
The cyclops is no longer distracted by gold.
The vampire mosquito bites you.
The vampire mosquito draws strength from your injuries!
The vampire mosquito closely misses you.
You take 6 damage, and have 57/78 hp.
You barely miss the vampire mosquito. The vampire mosquito bites you.
The vampire mosquito draws strength from your injuries!
A wyvern comes into view.
You take 4 damage, and have 53/78 hp.
You barely miss the vampire mosquito. The vampire mosquito bites you!
The vampire mosquito draws strength from your injuries!
The vampire mosquito bites you but does no damage.
You take 8 damage, and have 45/78 hp.
You barely miss the vampire mosquito. The vampire mosquito misses you.
The vampire mosquito bites you.
The vampire mosquito draws strength from your injuries!
You take 3 damage, and have 42/78 hp.
You barely miss the vampire mosquito. The vampire mosquito bites you!
The vampire mosquito draws strength from your injuries!
You take 7 damage, and have 35/78 hp.
The wyvern hisses angrily.
You hit the vampire mosquito. You freeze the vampire mosquito.
The vampire mosquito bites you!
The vampire mosquito draws strength from your injuries!
The vampire mosquito bites you but does no damage.
You take 8 damage, and have 27/78 hp.
You closely miss the vampire mosquito. The vampire mosquito barely misses you.
You hit the vampire mosquito. You freeze the vampire mosquito.
The vampire mosquito misses you.
The vampire mosquito closely misses you.
You punch the vampire mosquito! You freeze the vampire mosquito.
The vampire mosquito misses you.
You punch the vampire mosquito! You freeze the vampire mosquito.
You feel a bit better.
You destroy the vampire mosquito!
A bullfrog comes into view.
The vampire mosquito completely misses you.
Your Fighting skill increases to level 5!
You regained 3 hp, and now have 31/79 hp.
You pummel the vampire mosquito!! You freeze the vampire mosquito.
The vampire mosquito closely misses you.
You hit the vampire mosquito. You freeze the vampire mosquito.
The vampire mosquito completely misses you.
The vampire mosquito bites you but does no damage.
You barely miss the vampire mosquito. The vampire mosquito misses you.
The gargoyle is distracted by your dazzling golden aura.
You feel yourself speed up.
The vampire mosquito closely misses you.
The vampire mosquito bites you!
The vampire mosquito draws strength from your injuries!
You take 7 damage, and have 25/79 hp.
You feel very mighty all of a sudden.
The vampire mosquito closely misses you. x2
You feel better.
You howl as the wereblood boils in your veins!
The vampire mosquito bites you.
The vampire mosquito draws strength from your injuries!
You regained 5 hp, and now have 31/79 hp.
You pummel the vampire mosquito!! You freeze the vampire mosquito.
You feel a bit better.
You destroy the vampire mosquito!
You regained 2 hp, and now have 33/79 hp.
You swing at nothing.
The bullfrog is distracted by your dazzling golden aura.
The cyclops throws a large rock.
The large rock hits you!!
* * * LOW HITPOINT WARNING * * *
The bullfrog gives a loud, deep croak!
You take 22 damage, and have 11/79 hp.
MASSIVE DAMAGE!!
The gargoyle is no longer distracted by gold.
The gargoyle hurls a stone arrow at you.
The stone arrow misses you.
The bullfrog is no longer distracted by gold.
The gargoyle hurls a stone arrow at you.
The stone arrow hits you!!
You die...
Your body crumbles into a pile of gold.

.~~#.##..........#
'###.............#
...###.#####.#####
## ...#
#.#...#.....# ..
...# #.#.#.#####.# .
...# #.#.#...#...#.#
$
...###.#.###.#.###F#
$ $
.#.##....#.....#9Cl#
$ .#.##..###.#.###Y#
$ .#.##..#...#...#.#
$ .#.##..#.#####.#.#
.#.##..#.....#...#
.#.##..#####.#####
## ...##........
...# .##
.............
..##### ..#
....#........
#.##..##..#
....##.......#
#.#....#.#


You could see a cyclops, a wyvern, a gargoyle and a bullfrog.

Vanquished Creatures
  A two-headed ogre (D:8)
  A troll (D:8)
  Grinder (D:3)
  Sigmund (D:3)
  A spriggan (shapeshifter) (D:8)
  2 vampire mosquitoes (D:8)
  3 water moccasins
  Duvessa (D:6)
  2 black bears
  An ice beast (D:7)
  2 sky beasts
  An ogre (D:5)
  A centaur (D:5)
  2 necrophages (D:5)
  A bullfrog (D:7)
  3 scorpions
  5 wights (D:8)
  A gnoll sergeant (D:6)
  Dowan (D:6)
  3 killer bees (D:8)
  3 jellies
  5 hounds
  An orc priest (D:7)
  3 iguanas
  4 orc wizards
  Robin (D:3)
  5 gnolls
  14 adders
  2 shadow imps
  2 white imps
  3 ufetubi
  2 worms
  4 dart slugs
  18 orcs
  7 endoplasms
  5 giant cockroaches
  15 goblins
  10 hobgoblins
  2 jackals (D:5)
  4 quokkas
  5 ball pythons
  6 bats
  3 frilled lizards
  4 kobolds
  A rat (D:2)
163 creatures vanquished.

Vanquished Creatures (others)
  2 fungi (D:3)
  7 plants
9 creatures vanquished.

Grand Total: 172 creatures vanquished

Notes
Turn   | Place    | Note
-------+----------+-------------------------------------------
     0 | D:1      | OTABOTABOTAB the Octopode Transmuter began the quest for
                  | the Orb.
     0 | D:1      | Reached XP level 1. HP: 13/13 MP: 3/3
   389 | D:1      | Reached XP level 2. HP: 17/18 MP: 1/5
   572 | D:1      | Reached skill level 1 in Poison Magic
   766 | D:1      | Reached skill level 1 in Ice Magic
  1108 | D:2      | Reached XP level 3. HP: 19/23 MP: 4/6
  1249 | D:2      | Learned a level 2 spell: Wereblood
  1253 | D:2      | Learned a level 3 spell: Spider Form
  1563 | D:2      | Reached skill level 2 in Poison Magic
  1676 | D:2      | Reached XP level 4. HP: 26/28 MP: 5/7
  1760 | D:2      | Found a faded altar of an unknown god.
  2099 | D:3      | Noticed Grinder
  2116 | D:3      | Killed Grinder
  2117 | D:3      | Reached skill level 4 in Unarmed Combat
  2117 | D:3      | Reached skill level 4 in Transmutations
  2117 | D:3      | Reached skill level 3 in Poison Magic
  2117 | D:3      | Reached XP level 5. HP: 33/33 MP: 6/8
  2117 | D:3      | Reached XP level 6. HP: 38/38 MP: 6/9
  2162 | D:3      | Noticed Robin
  2182 | D:3      | Killed Robin
  2319 | D:3      | HP: 8/38 [something/magic dart (7)]
  2556 | D:3      | Noticed Sigmund
  2570 | D:3      | Killed Sigmund
  2571 | D:3      | Reached skill level 5 in Unarmed Combat
  2571 | D:3      | Reached skill level 5 in Transmutations
  2571 | D:3      | Reached XP level 7. HP: 26/43 MP: 7/10
  2645 | D:3      | Found a blossoming altar of Fedhas.
  2645 | D:3      | Found a stormy altar of Qazlal.
  3304 | D:4      | Reached skill level 2 in Ice Magic
  4110 | D:5      | Entered Level 5 of the Dungeon
  4126 | D:5      | Reached skill level 3 in Ice Magic
  4186 | D:5      | HP: 9/43 [orc/+0 dagger (4)]
  4419 | D:5      | Learned a level 4 spell: Ice Form
  4441 | D:5      | Reached skill level 6 in Unarmed Combat
  4441 | D:5      | Reached XP level 8. HP: 43/48 MP: 5/11
  4533 | D:5      | HP: 10/48 [black bear (3)]
  4544 | D:5      | Reached skill level 4 in Ice Magic
  4548 | D:5      | HP: 2/48 [something/magic dart (7)]
  4559 | D:5      | HP: 7/48 [something (1)]
  4867 | D:5      | Reached skill level 6 in Transmutations
  4911 | D:5      | Reached skill level 5 in Ice Magic
  4969 | D:5      | Found a transporter.
  4973 | D:5      | Found a transporter.
  4973 | D:5      | Noticed OTABOTABOTAB's ghost (amateur OpTm)
  5195 | D:5      | Found Puola's Magic Scroll Boutique.
  6094 | D:6      | Noticed Duvessa
  6099 | D:6      | Noticed Dowan
  6109 | D:6      | Killed Duvessa
  6110 | D:6      | Reached skill level 2 in Fighting
  6110 | D:6      | Reached skill level 7 in Unarmed Combat
  6110 | D:6      | Reached XP level 9. HP: 29/54 MP: 8/12
  6122 | D:6      | Killed Dowan
  6427 | D:6      | Reached skill level 3 in Dodging
  6427 | D:6      | Reached skill level 7 in Transmutations
  7217 | D:6      | Found a staircase to the Ecumenical Temple.
  7226 | Temple   | Entered the Ecumenical Temple
  7251 | Temple   | Became a worshipper of Gozag Ym Sagoz the Greedy
  7607 | D:7      | Reached skill level 3 in Fighting
  8159 | D:7      | Found a sacrificial altar of Ru.
  8175 | D:7      | Found a broken altar of Ashenzari.
  8204 | D:7      | Reached skill level 4 in Dodging
  8287 | D:7      | Found a bloodstained altar of Trog.
  8287 | D:7      | Found a faded altar of an unknown god.
  8295 | D:7      | Found a burning altar of Makhleb.
  8297 | D:7      | Found an iron altar of Okawaru.
  8299 | D:7      | Found a shimmering blue altar of Sif Muna.
  8393 | D:8      | Noticed a two-headed ogre
  8402 | D:8      | HP: 14/58 [two-headed ogre/+2 dire flail of protection (8)]
  8414 | D:8      | Killed a two-headed ogre
  8415 | D:8      | Reached skill level 4 in Fighting
  8415 | D:8      | Reached skill level 8 in Unarmed Combat
  8415 | D:8      | Reached skill level 8 in Transmutations
  8415 | D:8      | Reached XP level 10. HP: 25/65 MP: 5/13
  8582 | D:8      | Reached skill level 5 in Dodging
  8587 | D:8      | Found a sparkling altar of Nemelex Xobeh.
  8587 | D:8      | Found a basalt altar of Yredelemnul.
  8607 | D:8      | Found a glowing golden altar of the Shining One.
  8607 | D:8      | Found a white marble altar of Elyvilon.
  8655 | D:8      | Found a shimmering altar of Xom.
  8832 | D:8      | Noticed a gargoyle
  8837 | D:8      | Noticed a cyclops
  8852 | D:8      | Reached skill level 5 in Fighting
  8859 | D:8      | HP: 11/79 [cyclops/large rock (22)]
  8861 | D:8      | Killed from afar by a gargoyle

Illustrated notes

Levels and vault maps discovered:
D:1:      roderic_octagonal_star, layout_basic
D:2:      layout_loops_ring, shapermc_ecumenical_altar_mp_ritualfount,
          minivault_4
D:3:      layout_rooms, grunt_temple_overflow_forces_of_nature, uniq_sigmund,
          uniq_grinder, uniq_robin
D:4:      layout_rooms, nicolae_kite_square_tiling_tiny
D:5:      minmay_angry_zag, layout_rooms, gammafunk_ghost_arena, serial_shops,
          nicolae_lakefront_shop
D:6:      layout_layer_cave, minmay_temple_entry_mini_moons,
          kennysheep_small_spiral, corexii_corridor_pit,
          kennysheep_generic_room_16, uniq_duvessa
D:7:      layout_rooms, chequers_temple_overflow_minitemple,
          grunt_temple_overflow_open
D:8:      minmay_the_grid_plus [minmay_the_grid_paths, minmay_the_grid_fan,
          minmay_the_grid_doors, minmay_the_grid_holed_spiral,
          minmay_the_grid_prize_inner_circle], layout_rooms,
          kennysheep_little_box, chequers_temple_overflow_statue_of_worship,
          serial_shops, nicolae_stop_n_shop_1
Temple:   hellmonk_temple_two_chambers

Skill      XL: |  1  2  3  4  5  6  7  8  9 10 |
---------------+-------------------------------+-----
Poison Magic   | 1 2 3 |  3.0
Ice Magic      | 1 3 5 |  5.0
Unarmed Combat | 4 5 6 7 8 |  8.5
Transmutations | 4 5 6 8 |  8.3
Fighting       | 2 4 5 |  5.1
Dodging        | 4 5 |  5.4
Spellcasting   | |  2.0

Action                   |  1- 3 |  4- 6 |  7- 9 | 10-12 || total
-------------------------+-------+-------+-------+-------++-------
Melee: Unarmed           |    68 |    80 |   297 |    38 ||   483
       Kick              |    18 |     2 |     1 |       ||    21
       Constrict         |    15 |     7 |     2 |       ||    24
       Tentacles         |     5 |     3 |     1 |       ||     9
       Punch             |     1 |     1 |       |       ||     2
       Staff             |       |       |     1 |       ||     1
Throw: Stone             |    22 |     8 |    32 |       ||    62
 Cast: Beastly Appendage |    22 |     4 |     1 |       ||    27
       Spider Form       |     2 |     5 |    30 |       ||    37
       Ice Form          |       |       |    22 |     4 ||    26
       Wereblood         |       |       |       |     1 ||     1
 Abil: End Transformatio |    20 |     7 |    50 |     3 ||    80
  Use: Scroll            |       |       |    17 |       ||    17
       Potion            |       |       |     6 |     3 ||     9
 Stab: Sleeping          |     5 |       |     1 |       ||     6
       Distracted        |       |       |     1 |       ||     1
Armor: Skin              |     5 |     5 |    56 |     7 ||    73
Dodge: Dodged            |    38 |    60 |   218 |    27 ||   343

Table legend: (Time is in decaauts)
 A = Elapsed time spent in this place.
 B = Non-inter-level travel time spent in this place.
 C = Inter-level travel time spent in this place.
 D = Time resting spent in this place.
 E = Time spent auto-exploring this place.
 F = Levels seen in this place.
 G = Mean time per level.
                   A        B        C        D        E       F      G
               +--------+--------+--------+--------+--------+-----+--------+
         Total |   8806 |   8592 |    214 |   1818 |   5431 |   9 |  978.4 |
       Dungeon |   8771 |   8565 |    206 |   1818 |   5420 |   8 | 1096.4 |
        Temple |     34 |     26 |      8 |      0 |     11 |   1 |   34.0 |
               +--------+--------+--------+--------+--------+-----+--------+

Top non-repeatable levels by time:
     D:6: 1972 daAuts
     D:5: 1449 daAuts
     D:1: 1078 daAuts
     D:3: 1026 daAuts
     D:4: 997 daAuts
     D:2: 990 daAuts
     D:7: 900 daAuts
     D:8: 355 daAuts
  Temple: 34 daAuts

Table legend:
 A = Kills in this place as a percentage of kills in entire the game.
 B = Kills by you in this place as a percentage of kills by you in the entire game.
 C = Kills by friends in this place as a percentage of kills by friends in the entire game.
 D = Other kills in this place as a percentage of other kills in the entire game.
 E = Experience gained in this place as a percentage of experience gained in the entire game.
 F = Experience gained in this place divided by the number of levels of this place that you have seen.
                   A       B       C       D       E      F
               +-------+-------+-------+-------+-------+----------------------
         Total | 100.0 | 100.0 |   N/A |   N/A | 100.0 | 673.1
       Dungeon | 100.0 | 100.0 |   N/A |   N/A | 100.0 | 757.2
               +-------+-------+-------+-------+-------+----------------------
